 Dungeon Crawl Stone Soup version 0.23.0 (webtiles) character file.

Game seed: 16398967928750498553

75882 Jatast the Thaumaturge (level 15, -25/103 HPs)
             Began as a Gnoll Venom Mage on Feb 17, 2019.
             Was the Champion of Hepliaklqana.
             Killed from afar by a frost giant (34 damage)
             ... with a bolt of cold
             ... on level 15 of the Dungeon.
             The game lasted 01:24:20 (28762 turns).

Jatast the Thaumaturge (Gnoll Venom Mage)          Turns: 28762, Time: 01:24:21

Health: -25/103    AC: 17    Str: 16    XL:     15   Next: 51%
Magic:  23/30      EV: 20    Int: 28    God:    Hepliaklqana [******]
Gold:   1185       SH:  0    Dex: 21    Spells: 24/36 levels left

rFire    . . .     SeeInvis .   W - +3 long sword of Exquisite Torment {vamp, Int+8}
rCold    . . .     Gourm    .   (no shield)
rNeg     + . .     Faith    .   u - +4 ring mail
rPois    +         Spirit   .   R - +0 helmet {Int+3}
rElec    +         Reflect  .   E - +1 cloak
rCorr    .         Harm     .   U - +1 pair of gloves
MR       +....                  (no boots)
Stlth    ++++......             P - amulet of rage
HPRegen  0.27/turn              L - +4 ring of dexterity
MPRegen  0.22/turn              D - ring of Vajuh {rElec rPois rN+ Slay+2}

@: no status effects
A: distributed training, reduced essence, fangs 1, strong nose
a: Recall Ancestor, Ancestor Identity, Transference, Idealise, Renounce
Religion, Evoke Berserk Rage


You were on level 15 of the Dungeon.
You worshipped Hepliaklqana.
Hepliaklqana was exalted by your worship.
You were not hungry.

You visited 3 branches of the dungeon, and saw 22 of its levels.
You also visited: Bailey.

You collected 1967 gold pieces.
You spent 782 gold pieces at shops.

Inventory:

Hand Weapons
 a - a +5 great mace of draining
 b - the +3 sling "Punk" {acid, rCorr}
   (You found it on level 12 of the Dungeon)

   It provides partial protection from all sources of acid and corrosion.
 r - a +0 glaive
 T - a cursed -3 quick blade
 W - the +3 long sword of Exquisite Torment (weapon) {vamp, Int+8}
   (You found it on level 15 of the Dungeon)

   It inflicts no extra harm, but heals its wielder when it wounds a living foe.
   It affects your intelligence (+8).
Missiles
 e - 8 javelins of penetration
 s - 2 throwing nets
 I - 13 javelins (quivered)
 S - 28 sling bullets
Armour
 u - a +4 ring mail (worn)
 E - a +1 cloak (worn)
 F - the +1 scale mail of Henotheism {rF+ Str+3 Dex+4}
   (You found it on level 3 of the Lair of Beasts)

   It affects your strength (+3).
   It affects your dexterity (+4).
   It protects you from fire.
 R - a +0 helmet of intelligence (worn)
 U - a +1 pair of gloves (worn)
Jewellery
 A - an uncursed ring of protection from cold
 C - an uncursed ring of wizardry
 D - the ring of Vajuh (right hand) {rElec rPois rN+ Slay+2}
   (You bought it in a shop on level 4 of the Dungeon)

   [ring of poison resistance]

   It affects your accuracy and damage with ranged weapons and melee attacks
   (+2).
   It insulates you from electricity.
   It protects you from poison.
   It protects you from negative energy.
 L - a +4 ring of dexterity (left hand)
 P - an amulet of rage (around neck)
Wands
 n - a wand of random effects (19)
 o - a wand of flame (5)
 t - a wand of paralysis (10)
 w - a wand of digging (16)
 y - a wand of clouds (6)
 G - a wand of acid (18)
 J - a wand of polymorph (1)
Scrolls
 d - 6 scrolls of blinking
 h - 5 scrolls of enchant armour
 i - 3 scrolls of magic mapping
 l - 6 scrolls of teleportation
 m - 9 scrolls of remove curse
 x - a scroll of silence
 B - a scroll of enchant weapon
 H - 2 scrolls of summoning
 K - a scroll of immolation
 Q - a scroll of fear
 V - a scroll of identify
Potions
 f - 2 potions of flight
 g - 7 potions of haste
 j - 2 potions of mutation
 k - 9 potions of curing
 p - 9 potions of agility
 q - a potion of resistance
 v - 4 potions of brilliance
 M - 2 potions of lignification
 N - a potion of might
 O - 2 potions of heal wounds
Miscellaneous
 z - a crystal ball of energy
Comestibles
 c - 33 rations
 X - 2 chunks of flesh


   Skills:
 + Level 9.9 Fighting
 + Level 9.9 Short Blades
 + Level 9.9 Long Blades
 + Level 9.9 Axes
 + Level 9.9 Maces & Flails
 + Level 9.9 Polearms
 + Level 9.9 Staves
 + Level 9.9 Slings
 + Level 9.9 Bows
 + Level 9.9 Crossbows
 + Level 9.9 Throwing
 + Level 9.9 Armour
 + Level 10.9 Dodging
 + Level 10.7 Stealth
 + Level 9.9 Shields
 + Level 9.9 Unarmed Combat
 + Level 11.0 Spellcasting
 + Level 8.7 Conjurations
 + Level 8.3 Hexes
 + Level 8.3 Charms
 + Level 8.3 Summonings
 + Level 8.3 Necromancy
 + Level 8.3 Translocations
 + Level 8.3 Transmutations
 + Level 8.3 Fire Magic
 + Level 8.3 Ice Magic
 + Level 8.3 Air Magic
 + Level 8.3 Earth Magic
 + Level 10.0 Poison Magic
 + Level 10.8 Invocations
 + Level 9.9 Evocations


You had 24 spell levels left.
You knew the following spells:

 Your Spells              Type           Power        Failure   Level  Hunger
a - Sting                 Conj/Pois      ####         1%          1    None
b - Poisonous Vapours     Pois/Air       ######       1%          2    None
c - Mephitic Cloud        Conj/Pois/Air  ######..     1%          3    None
d - Olgreb's Toxic Radia  Pois           ######..     1%          4    None
e - Blink                 Tloc           N/A          1%          2    None

Your spell library contained the following spells:

 Spells                   Type           Power        Failure   Level  Hunger
 Magic Dart               Conj           ####         1%          1    None
 Call Imp                 Summ           ######..     1%          2    None
 Slow                     Hex            ######..     1%          2    None
 Conjure Flame            Conj/Fire      ######..     1%          3    None
 Cause Fear               Hex            ######....   1%          4    None
 Venom Bolt               Conj/Pois      ######....   3%          5    ###....
 Bolt of Magma            Conj/Fire/Erth ######....   4%          5    ###....
 Iskenderun's Battlesphe  Conj/Chrm      ######..     4%          5    ###....
 Silence                  Hex/Air        ######....   5%          5    ###....
 Yara's Violent Unravell  Hex/Tmut       ######....   5%          5    ###....
 Iron Shot                Conj/Erth      ######....   28%         6    #####..
 Deflect Missiles         Chrm/Air       ######....   30%         6    #####..
 Orb of Destruction       Conj           ######....   82%         7    ######.
 Spellforged Servitor     Conj/Summ      ######....   83%         7    ######.
 Discord                  Hex            ######....   100%        8    #######


Dungeon Overview and Level Annotations

Branches:
Dungeon (15/15)            Temple (1/1) D:5            Lair (6/6) D:9
  Swamp (0/4) Lair:2       Spider (0/4) Lair:3        Slime (0/5) Lair:5
    Orc (0/2) D:12         Vaults (0/5) D:14         Depths (0/5) D:15

Altars:
Ashenzari
Cheibriados
Dithmenos
Elyvilon
Fedhas
Gozag
Hepliaklqana
Kikubaaqudgha
Makhleb
Nemelex Xobeh
Okawaru
Qazlal
Ru
Sif Muna
Trog
Uskayaw
Vehumet
Wu Jian
Xom
Yredelemnul
Zin
The Shining One
Beogh

Shops:
D:4 =%[%%   D:9 :[!   D:12 (!!}=   D:13 *

Portals:
Trove: D:11 (give ring of Phasing)


Innate Abilities, Weirdness & Mutations

Your experience applies equally to all skills.
You have very sharp teeth.
Your uncanny sense of smell can sniff out nearby items.
Your life essence is reduced to manifest your ancestor. (-10% HP)


Message History

Nolwazi hits the frost giant with a +0 dagger of draining!
You barely miss the frost giant.
The frost giant is heavily wounded.
Nolwazi hits the frost giant but does no damage.
Nolwazi drains the frost giant.
The frost giant closely misses you.
The frost giant hits Nolwazi with a +0 battleaxe of freezing!!
Nolwazi is destroyed!
The frost giant points at you and mumbles some strange words.
The bolt of cold hits you!!
* * * LOW HITPOINT WARNING * * *
Things that are here:
a +0 shortbow; 10 arrows; a centaur skeleton
Casting: Poisonous Vapours (safe; 1% risk of failure)
Confirm with . or Enter, or press ? or * to list all spells.
You blink.
A yaktaur comes into view.
The yaktaur shouts!
The frost giant points at you and mumbles some strange words.
The bolt of cold hits you!!
You die...

##############
###########.............
c.......≈≈#.............
#+###≈≈≈#.≈#.............
#...#...@..#.............
#.>.+..○##.'.............
#.. #......#........#####
#'###○≈≈#.≈#........#....
#.)C.§..(≈≈#........#....
############........#....
#####...............#....
#...................####'
###.###....................


You could see a frost giant and a yaktaur.

Vanquished Creatures
  Josephine (Lair:5)
  The ghost of Xudgha the Protected, a journeyman MiFi of Okawaru (Lair:2)
  4 vault guards
  3 hydras
  5 centaur warriors
  A two-headed ogre (D:13)
  3 death yaks
  A tengu warrior (D:12)
  The ghost of Esekla the Carver, a novice DEAK of Lugonu (D:13)
  An unseen horror (D:10)
  2 orc knights (Bailey)
  3 manticores (D:12)
  2 slime creatures (D:14)
  13 elephants
  8 ugly things
  2 cyclopes (D:12)
  2 centaur zombies
  Maurice (D:9)
  A water nymph (shapeshifter) (D:14)
  3 black mambas
  A torpor snail (Lair:4)
  20 spiny frogs
  A rime drake (Lair:6)
  4 komodo dragons
  2 kobold demonologists
  A tengu conjurer (D:14)
  2 red devils (D:15)
  4 trolls
  A hornet (D:12)
  2 bog bodies (Lair:2)
  27 blink frogs
  3 tyrant leeches (Lair:6)
  Prince Ribbit (D:9)
  6 hippogriffs
  A snapping turtle (Lair:3)
  16 yaks
  A centaur simulacrum (D:14)
  A water elemental (D:12)
  A shadow (D:15)
  A spriggan (Lair:4)
  6 wraiths
  5 wyverns
  A steam dragon (D:13)
  3 basilisks
  3 vampire mosquitoes (Lair:6)
  2 soldier ants
  2 acid dragons
  8 porcupines
  4 water moccasins
  16 orc warriors
  A sky beast (D:5)
  3 ice beasts
  2 black bears
  An eye of draining (D:10)
  9 wolves
  7 ogres
  20 centaurs
  9 crocodiles
  3 big kobolds
  22 bullfrogs
  3 scorpions
  10 killer bees
  5 wights
  4 electric eels
  3 howler monkeys
  2 quasits
  9 crimson imps
  2 bullfrog zombies
  9 jellies (Lair:5)
  7 orc priests
  12 hounds
  14 orc wizards
  A bullfrog skeleton (D:13)
  A centaur skeleton (D:4)
  2 hexers
  8 iguanas
  3 hell rats (Lair:4)
  3 worker ants
  A howler monkey zombie (D:6)
  2 worker ant zombies
  A howler monkey skeleton (D:8)
  6 gnolls
  13 adders
  4 shadow imps
  An ooze (D:2)
  An adder zombie (D:5)
  6 worms
  3 dart slugs
  7 leopard geckos
  85 orcs
  8 giant cockroaches
  7 hobgoblins
  10 jackals
  17 kobolds
  3 quokkas
  10 bats
  5 frilled lizards
  11 goblins
  A jackal skeleton (D:6)
  A quokka zombie (D:5)
  3 rats
585 creatures vanquished.

Vanquished Creatures (collateral kills)
  The ghost of happinesssam the Earth Mage, a journeyman GrEE of Sif Muna (Lair:6)
  A vault guard (D:14)
  A catoblepas (Lair:5)
  2 death yaks (Lair:6)
  An unseen horror (D:14)
  An elephant (Lair:5)
  A black mamba (Lair:6)
  2 centaur skeletons (D:15)
  5 spiny frogs
  2 red devils (D:15)
  A tyrant leech (Lair:6)
  A troll (D:10)
  A slime creature (D:14)
  3 hippogriffs
  2 blink frogs
  A vampire (D:9)
  2 wyverns
  9 yaks
  Grum (D:11)
  2 basilisks
  3 vampire mosquitoes (Lair:6)
  2 hungry ghosts
  An acid dragon (D:15)
  3 water moccasins
  2 porcupines
  An ice beast (D:8)
  2 ogres
  7 wolves
  3 centaurs
  6 bullfrogs
  3 killer bees
  4 wights
  A howler monkey (D:12)
  3 electric eels
  2 crimson imps
  A hound (D:12)
  3 jellies (Lair:5)
  3 iguanas
  2 orc wizards
  2 worker ants
  A hell rat (Lair:4)
  A worker ant zombie (D:6)
  A gnoll (D:11)
  An ooze (Lair:5)
  8 orcs
  2 goblins (D:12)
108 creatures vanquished.

Vanquished Creatures (others)
  A worker ant (D:13)
  18 hexers
  An ancestor (D:5)
  2 bushes (Lair:6)
  31 fungi
  52 plants
105 creatures vanquished.

Grand Total: 798 creatures vanquished

Notes
Turn   | Place    | Note
-------+----------+-------------------------------------------
     0 | D:1      | Jatast the Gnoll Venom Mage began the quest for the Orb.
     0 | D:1      | Reached XP level 1. HP: 13/13 MP: 6/6
   328 | D:1      | Reached XP level 2. HP: 19/19 MP: 4/7
   338 | D:1      | Learned a level 2 spell: Poisonous Vapours
   889 | D:1      | Reached XP level 3. HP: 25/25 MP: 1/9
  1063 | D:1      | You fall through a shaft!
  1081 | D:2      | Reached skill level 5 in Spellcasting
  1456 | D:2      | Reached skill level 1 in Invocations
  1568 | D:2      | Found a snail-covered altar of Cheibriados.
  1848 | D:2      | Found a bloodstained altar of Trog.
  1895 | D:2      | Reached skill level 1 in Fighting
  1895 | D:2      | Reached skill level 1 in Short Blades
  1895 | D:2      | Reached skill level 1 in Long Blades
  1895 | D:2      | Reached skill level 1 in Axes
  1895 | D:2      | Reached skill level 1 in Maces & Flails
  1895 | D:2      | Reached skill level 1 in Polearms
  1895 | D:2      | Reached skill level 1 in Staves
  1895 | D:2      | Reached skill level 1 in Slings
  1895 | D:2      | Reached skill level 1 in Bows
  1895 | D:2      | Reached skill level 1 in Crossbows
  1895 | D:2      | Reached skill level 1 in Throwing
  1895 | D:2      | Reached skill level 1 in Armour
  1895 | D:2      | Reached skill level 1 in Shields
  1895 | D:2      | Reached skill level 1 in Unarmed Combat
  1895 | D:2      | Reached skill level 1 in Evocations
  1956 | D:2      | Reached XP level 4. HP: 32/32 MP: 6/11
  2042 | D:2      | Found an ornate altar of the Wu Jian Council.
  2085 | D:2      | Learned a level 3 spell: Mephitic Cloud
  2090 | D:2      | Learned a level 4 spell: Olgreb's Toxic Radiance
  2339 | D:3      | Reached skill level 1 in Hexes
  2339 | D:3      | Reached skill level 1 in Charms
  2339 | D:3      | Reached skill level 1 in Summonings
  2339 | D:3      | Reached skill level 1 in Necromancy
  2339 | D:3      | Reached skill level 1 in Translocations
  2339 | D:3      | Reached skill level 1 in Transmutations
  2339 | D:3      | Reached skill level 1 in Fire Magic
  2339 | D:3      | Reached skill level 1 in Ice Magic
  2339 | D:3      | Reached skill level 1 in Air Magic
  2339 | D:3      | Reached skill level 1 in Earth Magic
  2339 | D:3      | Reached XP level 5. HP: 33/37 MP: 4/12
  2929 | D:3      | Found a shimmering altar of Xom.
  2979 | D:3      | Reached XP level 6. HP: 44/44 MP: 13/13
  3476 | D:4      | Reached skill level 5 in Dodging
  3477 | D:4      | Found Tirreuwa's Food Shoppe.
  3499 | D:4      | Reached XP level 7. HP: 50/50 MP: 3/15
  3716 | D:4      | Found Inyef's Food Shoppe.
  3732 | D:4      | Found Ryehong's Armour Shop.
  3741 | D:4      | Found Goutut's Jewellery Emporium.
  3790 | D:4      | Found Egoirhir's Food Boutique.
  4037 | D:4      | Found a stormy altar of Qazlal.
  4187 | D:4      | Found a radiant altar of Vehumet.
  4468 | D:5      | Entered Level 5 of the Dungeon
  4508 | D:5      | Found a staircase to the Ecumenical Temple.
  4512 | Temple   | Entered the Ecumenical Temple
  4672 | Temple   | Became a worshipper of Hepliaklqana the Forgotten
  4879 | D:5      | Found an opulent altar of Gozag.
  4913 | D:5      | Reached skill level 5 in Stealth
  4972 | D:5      | Found a hide-covered altar of Uskayaw.
  4986 | D:5      | Reached XP level 8. HP: 46/51 MP: 16/16
  5630 | D:5      | Reached * piety under Hepliaklqana
  5721 | D:5      | Reached skill level 6 in Spellcasting
  6051 | D:6      | Found a sparkling altar of Nemelex Xobeh.
  6051 | D:6      | Found an iron altar of Okawaru.
  6139 | D:6      | Found a glowing silver altar of Zin.
  6314 | D:6      | You fall through a shaft!
  6348 | D:7      | Found a sacrificial altar of Ru.
  6399 | D:7      | Reached XP level 9. HP: 32/58 MP: 15/18
  6714 | D:7      | Reached ** piety under Hepliaklqana
  6778 | D:7      | Remembered your ancestor Nolwazi as a hexer
  7774 | D:7      | Reached skill level 5 in Invocations
  7939 | D:7      | Reached XP level 10. HP: 22/65 MP: 13/20
  8157 | D:8      | Reached skill level 7 in Spellcasting
  8711 | D:8      | Found a bloodstained altar of Trog.
  8868 | D:9      | Noticed Maurice
  8888 | D:9      | Killed Maurice
  8981 | D:9      | Found a basalt altar of Yredelemnul.
  9019 | D:9      | Found Tiliff's Distillery.
  9022 | D:9      | Bought a potion of heal wounds for 60 gold pieces
  9060 | D:9      | Reached skill level 5 in Fighting
  9060 | D:9      | Reached skill level 5 in Short Blades
  9060 | D:9      | Reached skill level 5 in Long Blades
  9060 | D:9      | Reached skill level 5 in Axes
  9060 | D:9      | Reached skill level 5 in Maces & Flails
  9060 | D:9      | Reached skill level 5 in Polearms
  9060 | D:9      | Reached skill level 5 in Staves
  9060 | D:9      | Reached skill level 5 in Slings
  9060 | D:9      | Reached skill level 5 in Bows
  9060 | D:9      | Reached skill level 5 in Crossbows
  9060 | D:9      | Reached skill level 5 in Throwing
  9060 | D:9      | Reached skill level 5 in Armour
  9060 | D:9      | Reached skill level 5 in Shields
  9060 | D:9      | Reached skill level 5 in Unarmed Combat
  9060 | D:9      | Reached skill level 5 in Evocations
  9102 | D:9      | Reached *** piety under Hepliaklqana
  9318 | D:9      | Found a staircase to the Lair.
  9382 | D:9      | Noticed Prince Ribbit
  9397 | D:9      | Reached skill level 5 in Conjurations
  9402 | D:9      | Killed Prince Ribbit
  9491 | D:9      | Found Emicauh's Antique Armour Shop.
  9536 | D:9      | Found a white marble altar of Elyvilon.
  9660 | D:9      | Found Ufulosae's Book Emporium.
  9903 | D:10     | Entered Level 10 of the Dungeon
 10090 | D:10     | Reached XP level 11. HP: 22/72 MP: 11/22
 10421 | D:10     | Killed an unseen horror
 10709 | D:10     | Learned a level 2 spell: Blink
 11164 | Lair:1   | Entered Level 1 of the Lair of Beasts
 11219 | Lair:1   | Reached skill level 5 in Hexes
 11219 | Lair:1   | Reached skill level 5 in Charms
 11219 | Lair:1   | Reached skill level 5 in Summonings
 11219 | Lair:1   | Reached skill level 5 in Necromancy
 11219 | Lair:1   | Reached skill level 5 in Translocations
 11219 | Lair:1   | Reached skill level 5 in Transmutations
 11219 | Lair:1   | Reached skill level 5 in Fire Magic
 11219 | Lair:1   | Reached skill level 5 in Ice Magic
 11219 | Lair:1   | Reached skill level 5 in Air Magic
 11219 | Lair:1   | Reached skill level 5 in Earth Magic
 11230 | Lair:1   | Reached skill level 8 in Spellcasting
 11774 | D:4      | Bought the ring of Vajuh {rElec rPois rN+ Slay+2} for 652
                  | gold pieces
 11952 | Lair:1   | Reached **** piety under Hepliaklqana
 13306 | Lair:2   | Found a staircase to the Swamp.
 13531 | Lair:2   | Reached XP level 12. HP: 79/80 MP: 24/24
 13569 | Lair:2   | Found a runed translucent door.
 13792 | Lair:2   | Noticed Xudgha's ghost (journeyman MiFi)
 13817 | Lair:2   | Killed Xudgha's ghost
 14852 | Lair:3   | Identified the +1 scale mail of Henotheism {rF+ Str+3
                  | Dex+4} (You found it on level 3 of the Lair of Beasts)
 15320 | Lair:3   | Noticed Urug
 15322 | Lair:3   | Noticed Urug
 15322 | Lair:3   | Urug changed into Urug the snapping turtle
 15341 | Lair:3   | Killed Urug the snapping turtle
 15524 | Lair:3   | Found a hole to the Spider Nest.
 15524 | Lair:3   | Reached ***** piety under Hepliaklqana
 16039 | Lair:4   | Reached skill level 9 in Spellcasting
 17389 | Lair:5   | Found a staircase to the Slime Pits.
 17421 | Lair:5   | Reached XP level 13. HP: 88/88 MP: 26/26
 17722 | Lair:5   | Noticed Josephine
 18007 | Lair:5   | Killed Josephine
 18471 | Lair:6   | Entered Level 6 of the Lair of Beasts
 19606 | Lair:6   | Reached skill level 10 in Spellcasting
 19609 | Lair:6   | Reached XP level 14. HP: 68/95 MP: 14/28
 20519 | Lair:6   | Reached skill level 10 in Dodging
 21003 | Lair:6   | Found a runed translucent door.
 21006 | Lair:6   | Noticed happinesssam's ghost (journeyman GrEE)
 21067 | Lair:6   | Reached ****** piety under Hepliaklqana
 21467 | Lair:6   | Reached skill level 10 in Stealth
 21632 | Lair:6   | Killed happinesssam's ghost
 22369 | D:11     | Noticed Grum
 22381 | D:11     | Killed Grum
 22914 | D:11     | Found a portal to a secret trove of treasure.
 22952 | D:12     | Reached skill level 10 in Invocations
 22991 | D:12     | Found a flagged portal.
 23009 | Bailey   | Entered a bailey
 23422 | Bailey   | Got a steaming crystal plate armour
 23433 | Bailey   | Identified the +9 crystal plate armour of Minor Irritation
                  | {rN+ Dex+3} (You found it in a bailey)
 23656 | D:12     | Found Ojosheci's Distillery.
 23657 | D:12     | Found a roughly hewn altar of Beogh.
 23657 | D:12     | Found a staircase to the Orcish Mines.
 23767 | D:12     | Found Jifeneiff's Jewellery Boutique.
 23803 | D:12     | Found Enerrics's Gadget Boutique.
 23838 | D:12     | Found Guzac's Distillery.
 23918 | D:12     | Bought a potion of heal wounds for 70 gold pieces
 23955 | D:12     | Found the +3 sling "Punk" {acid, rCorr}
 24400 | D:12     | Found Ydeshri's Antique Weapon Boutique.
 25344 | D:13     | Found Subresana's General Store.
 25639 | D:13     | Found a large runed translucent door.
 25639 | D:13     | Found a large runed translucent door.
 25640 | D:13     | Noticed Esekla's ghost (novice DEAK)
 25704 | D:13     | Killed Esekla's ghost
 26030 | D:14     | Reached XP level 15. HP: 102/102 MP: 24/29
 26132 | D:14     | Got a crude whip
 26133 | D:14     | Identified the +9 whip "Uthux" {flame, rN+ Str-3 Int+3}
                  | (You found it on level 14 of the Dungeon)
 26674 | D:14     | Found a gate to the Vaults.
 27088 | D:15     | Entered Level 15 of the Dungeon
 27805 | D:15     | Reached skill level 11 in Spellcasting
 27917 | D:15     | Reached skill level 10 in Poison Magic
 28713 | D:15     | Identified the +3 long sword of Exquisite Torment {vamp,
                  | Int+8} (You found it on level 15 of the Dungeon)
 28747 | D:15     | Found a staircase to the Depths.
 28747 | D:15     | Noticed a frost giant
 28762 | D:15     | Killed from afar by a frost giant

Skill      XL: |  1  2  3  4  5  6  7  8  9 10 11 12 13 14 15 |
---------------+----------------------------------------------+-----
Conjurations   | 2 3 4 5 6 7 8 |  8.7
Spellcasting   | 5 6 7 8 9 10 11 | 11.0
Invocations    | 1 2 3 4 5 6 7 8 9 10 | 10.8
Fighting       | 1 2 3 4 5 6 7 8 9 |  9.9
Short Blades   | 1 2 3 4 5 6 7 8 9 |  9.9
Long Blades    | 1 2 3 4 5 6 7 8 9 |  9.9
Axes           | 1 2 3 4 5 6 7 8 9 |  9.9
Maces & Flails | 1 2 3 4 5 6 7 8 9 |  9.9
Polearms       | 1 2 3 4 5 6 7 8 9 |  9.9
Staves         | 1 2 3 4 5 6 7 8 9 |  9.9
Slings         | 1 2 3 4 5 6 7 8 9 |  9.9
Bows           | 1 2 3 4 5 6 7 8 9 |  9.9
Crossbows      | 1 2 3 4 5 6 7 8 9 |  9.9
Throwing       | 1 2 3 4 5 6 7 8 9 |  9.9
Armour         | 1 2 3 4 5 6 7 8 9 |  9.9
Shields        | 1 2 3 4 5 6 7 8 9 |  9.9
Unarmed Combat | 1 2 3 4 5 6 7 8 9 |  9.9
Evocations     | 1 2 3 4 5 6 7 8 9 |  9.9
Hexes          | 1 2 3 4 5 6 7 8 |  8.3
Charms         | 1 2 3 4 5 6 7 8 |  8.3
Summonings     | 1 2 3 4 5 6 7 8 |  8.3
Necromancy     | 1 2 3 4 5 6 7 8 |  8.3
Translocations | 1 2 3 4 5 6 7 8 |  8.3
Transmutations | 1 2 3 4 5 6 7 8 |  8.3
Fire Magic     | 1 2 3 4 5 6 7 8 |  8.3
Ice Magic      | 1 2 3 4 5 6 7 8 |  8.3
Air Magic      | 1 2 3 4 5 6 7 8 |  8.3
Earth Magic    | 1 2 3 4 5 6 7 8 |  8.3
Dodging        | 5 6 7 8 9 10 | 10.9
Stealth        | 5 6 7 8 9 10 | 10.7
Poison Magic   | 6 7 8 9 10 | 10.0

Action                   |  1- 3 |  4- 6 |  7- 9 | 10-12 | 13-15 || total
-------------------------+-------+-------+-------+-------+-------++-------
Melee: Unarmed           |     3 |       |       |       |       ||     3
       Dagger            |    13 |       |       |       |       ||    13
       Spear             |   129 |    64 |       |       |       ||   193
       Bite              |    10 |     9 |    21 |    33 |    98 ||   171
       Punch             |     1 |       |       |       |     6 ||     7
       Trident           |       |    31 |   106 |       |       ||   137
       Fustibalus        |       |    10 |       |       |       ||    10
       Glaive            |       |       |   147 |   327 |    22 ||   496
       Great mace        |       |       |       |    56 |   541 ||   597
       Whip              |       |       |       |       |   103 ||   103
       Long sword        |       |       |       |       |     6 ||     6
 Fire: Fustibalus        |       |    91 |       |       |    61 ||   152
Throw: Javelin           |       |     9 |       |     6 |     5 ||    20
       Throwing net      |       |     1 |       |       |       ||     1
 Cast: Sting             |    19 |     8 |       |     3 |    11 ||    41
       Poisonous Vapours |    32 |    27 |    49 |   130 |   190 ||   428
       Olgreb's Toxic Ra |       |       |     9 |    30 |    55 ||    94
       Blink             |       |       |       |     1 |     2 ||     3
       Mephitic Cloud    |       |       |       |       |     1 ||     1
Invok: Recall Ancestor   |       |       |     3 |     1 |     1 ||     5
       Ancestor Identity |       |       |     1 |       |       ||     1
       Ancestor Life: He |       |       |     1 |       |       ||     1
       Transference      |       |       |       |       |     2 ||     2
Evoke: Wand              |       |       |       |     6 |    16 ||    22
  Use: Scroll            |       |     5 |    10 |    10 |     4 ||    29
       Potion            |       |       |       |     2 |     2 ||     4
 Stab: Sleeping          |     1 |     1 |    10 |     8 |     2 ||    22
       Distracted        |       |     1 |     3 |    15 |    21 ||    40
       Confused          |       |       |     2 |     6 |    18 ||    26
       Paralysed         |       |       |       |     5 |     9 ||    14
  Eat: Chunk             |     4 |     5 |    16 |    29 |    19 ||    73
       Ration            |       |       |       |     2 |     8 ||    10
Armor: Robe              |     1 |       |       |       |       ||     1
       Ring mail         |    43 |    74 |    92 |   169 |   244 ||   622
       Leather armour    |     2 |       |       |       |       ||     2
Dodge: Dodged            |    74 |   143 |   203 |   347 |   650 ||  1417
